 Dungeon Crawl Stone Soup version 0.29.0-10-g45618ea6d2 (webtiles) character file.

Game seed: 13708335073077988407

36 Zeldest the Chopper (level 3, 0/26 HPs)
             Began as an Octopode Chaos Knight on Sept 2, 2022.
             Was a Plaything of Xom.
             Succumbed to an adder's poison
             ... on level 2 of the Dungeon.
             The game lasted 00:00:56 (690 turns).

Zeldest the Chopper (Octopode Chaos Knight)          Turns: 690, Time: 00:00:56

Health: 0/26       AC:  1    Str: 11    XL:     3   Next: 37%
Magic:  3/3        EV: 13    Int: 16    God:    Xom [..*...]
Gold:   117        SH:  0    Dex: 11    Spells: 2/2 levels left

rFire   . . .      SeeInvis .   a - +0 hand axe (chaos)
rCold   . . .      Faith    .   (no shield)
rNeg    . . .      Spirit   .   (helmet restricted)
rPois   .          Reflect  .   (no amulet)
rElec   .          Harm     .   (no ring)
rCorr   .          Rampage  .   (no ring)
Will    .....                   (no ring)
Stlth   ++........              (no ring)
HPRegen 0.08/turn               (no ring)
MPRegen 0.08/turn               (no ring)
                                (no ring)
                                (no ring)

@: mighty, lethally poisoned (0 -> -8)
A: almost no armour, amphibious, 8 rings, camouflage 1, gelatinous body 1,
(nimble swimmer 1), tentacles
a: Renounce Religion


You were on level 2 of the Dungeon.
You worshipped Xom.
You were a toy of Xom.
You visited 1 branch of the dungeon, and saw 2 of its levels.

You collected 117 gold pieces.

Inventory:

Hand Weapons
 a - a +0 hand axe of chaos (weapon)
Scrolls
 e - a scroll of magic mapping {unknown}
 g - 2 scrolls of fear {unknown}
Potions
 d - a potion of heal wounds {unknown}
 f - a potion of ambrosia {unknown}
 h - a potion of berserk rage {unknown}
 i - a potion of magic {unknown}
Miscellaneous
 b - a piece from Xom's chessboard (15/15) (quivered)


   Skills:
 + Level 3.3 Fighting
 * Level 3.7 Axes
 + Level 2.8 Dodging


You had 2 spell levels left.
You didn't know any spells.
Your spell library contained the following spells:

 Spells                   Type           Power      Damage    Failure   Level
 Call Canine Familiar     Summ           0%         N/A       58%         3
 Portal Projectile        Hex/Tloc       0%         N/A       58%         3
 Leda's Liquefaction      Hex/Erth       0%         N/A       94%         4


Dungeon Overview and Level Annotations

Branches:
Dungeon (2/15)

Altars:

Shops:
D:2 =


Innate Abilities, Weirdness & Mutations

You cannot wear most types of armour.
You are amphibious.
You can wear up to eight rings at the same time.
Your skin changes colour to match your surroundings (Stealth+).
Your rubbery body absorbs attacks. (AC +1, EV +1)
((You are camouflaged when in or above water. (Stealth+)))
You have tentacles for arms and can constrict up to eight enemies at once.


Message History

You are too injured to fight recklessly!
An endoplasm is nearby!
You are too injured to fight recklessly!
An endoplasm is nearby!
You are too injured to fight recklessly!
You hit the endoplasm.
Space warps horribly around the endoplasm!!
You kill the endoplasm!
You start resting.
An adder comes into view.
An adder is nearby!
An adder is nearby!
The adder hisses angrily.
You hit the adder but do no damage.
The adder flickers and vanishes!
Deactivating autopickup; reactivate with Ctrl-A.
Something bites you. Something barely misses you.
You are too injured to fight recklessly!
You are too injured to fight recklessly!
Something bites you but does no damage.
Something bites your ball python zombie.
Something bites your ball python zombie.
Your ball python zombie is destroyed!
You completely miss something. Something bites you.
You barely miss something. Something bites you.
You are poisoned.
Something poisons you! Something bites you.
You closely miss something.
You feel sick. Something bites you.
* * * LOW HITPOINT WARNING * * *
You are lethally poisoned!
Something poisons you!
You closely miss something.
* * * LOW HITPOINT WARNING * * *
You feel very sick. Something bites you.
* * * LOW HITPOINT WARNING * * *
Something barely misses you.
It was a potion of might.
You feel very mighty all of a sudden.
You die...
Xom chortles!

#.# ##.....###.#####...
#.###.##...##..<......#
##.#...........#####.#
#...#....).....#
#..........†...#
#........##..#
#.....)..##.##
#........##.#
#...@..####.# #.####.#
.. #....#.# ...#.....
..... ..## #####.. ##
..# ..# S ..#


There were no monsters in sight!

Vanquished Creatures
  5 ball pythons
  4 endoplasms
  6 goblins
  4 hobgoblins
  3 jackals (D:1)
  2 quokkas (D:1)
  3 bats (D:1)
  A frilled lizard (D:1)
  A kobold (D:2)
  A rat (D:1)
30 creatures vanquished.

Vanquished Creatures (collateral kills)
  A kobold (D:2)
1 creature vanquished.

Vanquished Creatures (others)
  A ball python zombie (D:2)
1 creature vanquished.

Grand Total: 32 creatures vanquished

Notes
Turn   | Place    | Note
-------+----------+-------------------------------------------
     0 | D:1      | Zeldest the Octopode Chaos Knight began the quest for the
                  | Orb.
     0 | D:1      | Reached XP level 1. HP: 16/16 MP: 1/1
   124 | D:1      | Reached XP level 2. HP: 21/21 MP: 2/2
   193 | D:1      | Found a faded altar of an unknown god.
   224 | D:1      | XOM: silly message
   260 | D:1      | XOM: 2-stop teleportation journey
   287 | D:1      | XOM: potion effect (might)
   314 | D:1      | Reached XP level 3. HP: 25/26 MP: 3/3
   528 | D:2      | Found Ozexokh's Jewellery Shop.
   624 | D:2      | XOM: divination: detect creatures
   689 | D:2      | HP: 1/26 [something (2)]
   690 | D:2      | Succumbed to an adder's poison

Illustrated notes

Levels and vault maps discovered:
D:1:      ncdulo_smallfort, layout_rooms, shapermc_ecumenical_altar_venn,
          hangedman_decor_clover_reticule, minmay_misc_feat_rows
D:2:      layout_loops_ring, serial_shops, nicolae_shop_statue_plus

Action                   || total
-------------------------++-------
Melee: Hand axe          ||    49
       Tentacles         ||    12
       Constrict         ||    11
  Use: Potion            ||     1
 Stab: Sleeping          ||     5
Armor: Skin              ||     7
Dodge: Dodged            ||    16
